 Dungeon Crawl Stone Soup version 0.21-a0-95-g06f091e (webtiles) character file.

3446 Murumi the Skirmisher (level 10, -9/63 HPs)
             Began as a Gargoyle Fighter on July 5, 2017.
             Was a Follower of Elyvilon.
             Mangled by an ice beast (13 damage)
             ... summoned by a deep elf mage
             ... on level 8 of the Dungeon.
             The game lasted 00:32:02 (7320 turns).

Murumi the Skirmisher (Gargoyle Fighter)            Turns: 7320, Time: 00:32:03

Health: -9/63      AC: 22    Str: 26    XL:     10   Next: 6%
Magic:  13/13      EV: 11    Int:  9    God:    Elyvilon [*.....]
Gold:   268        SH:  5    Dex:  9    Spells: 9/9 levels left

rFire    . . .     SeeInvis .   E - +0 morningstar
rCold    . . .     Gourm    .   l - +0 buckler
rNeg     + . .     Faith    .   t - +0 chain mail
rPois    ∞         Spirit   .   (no helmet)
rElec    +         Reflect  .   g - +0 cloak
rCorr    .         Harm     .   D - +0 pair of gloves
MR       .....                  h - +1 pair of boots
Stlth    ..........             (no amulet)
HPRegen  0.20/turn              j - +2 ring of evasion
MPRegen  0.13/turn              I - +3 ring of strength

@: hasted, very quick
A: negative energy resistance 1, electricity resistance, unbreathing,
petrification resistance, rot immunity, AC +7
a: Lesser Healing, Divine Protection, Renounce Religion


You were on level 8 of the Dungeon.
You worshipped Elyvilon.
Elyvilon was aware of your devotion.
You were very hungry.

You visited 2 branches of the dungeon, and saw 9 of its levels.

You collected 367 gold pieces.
You spent 99 gold pieces at shops.

Inventory:

Hand Weapons
 a - a +0 flail
 E - a +0 morningstar (weapon)
Missiles
 e - 150 stones (quivered)
 x - 4 throwing nets
 y - 2 tomahawks
 G - 2 javelins
Armour
 c - a +0 shield
 g - a +0 cloak (worn)
 h - a +1 pair of boots (worn)
 l - a +0 buckler (worn)
 t - a +0 chain mail (worn)
 D - a +0 pair of gloves (worn)
Jewellery
 j - a +2 ring of evasion (left hand)
 o - an uncursed ring of flight
 C - an uncursed ring of protection from cold
 I - a +3 ring of strength (right hand)
Wands
 z - a wand of paralysis (11/24)
Scrolls
 q - 4 scrolls of amnesia {unknown}
 r - 3 scrolls of remove curse
 s - a scroll of enchant weapon {unknown}
 w - 2 scrolls of teleportation {unknown}
 A - 2 scrolls of fear {unknown}
 J - a scroll of brand weapon {unknown}
Potions
 b - a potion of magic
 d - a potion of might
 k - a potion of resistance {unknown}
 m - a potion of lignification {unknown}
 p - a potion of haste
 u - a potion of agility {unknown}
 B - a potion of cancellation {unknown}
 F - 2 potions of curing
 H - a potion of brilliance {unknown}
Comestibles
 f - 4 bread rations
 i - 7 fruits
 n - 4 meat rations
 v - a royal jelly


   Skills:
 - Level 7.2 Fighting
 - Level 7.1 Maces & Flails
 - Level 2.3 Throwing
 - Level 7.1 Armour
 - Level 2.1 Dodging
 + Level 6.4 Shields
 - Level 5.1 Invocations
 - Level 3.1 Evocations


You had 9 spell levels left.
You didn't know any spells.

Dungeon Overview and Level Annotations

Branches:
Dungeon (8/15)             Temple (1/1) D:6
   Lair: D:8-11

Altars:
Ashenzari
Cheibriados
Dithmenos
Elyvilon
Fedhas
Gozag
Hepliaklqana
Kikubaaqudgha
Makhleb
Nemelex Xobeh
Okawaru
Qazlal
Sif Muna
Trog
Wu Jian
Xom
Yredelemnul
Zin

Shops:
D:4 }   D:7 [

Annotations:
D:4 1 runed door


Innate Abilities, Weirdness & Mutations

You are resistant to torment.
Your stone body is resilient. (AC +7)
You are immune to poison.
You resist negative energy. (rN+)
You are resistant to electric shocks. (rElec)
You can survive without breathing.
You are immune to petrification.
You are immune to rotting.


Message History

Your chain mail prevents you from hitting the ice beast.
The ice beast is almost dead.
The ice beast closely misses you. The deep elf mage casts a spell at you.
The bolt of cold hits the ice beast.
The ice beast completely resists.
The bolt of cold hits you! Elyvilon protects you from harm!
The ice beast hits you but does no damage.
You hit the ice beast but do no damage.
The ice beast is almost dead.
The ice beast hits you.
* * * LOW HITPOINT WARNING * * *
The ice beast freezes you!
* * * LOW HITPOINT WARNING * * *
The deep elf mage mumbles some strange words.
The deep elf mage blinks!
It was a potion of haste.
You feel yourself speed up. The ice beast hits you.
* * * LOW HITPOINT WARNING * * *
The ice beast freezes you!
You die...

#......... +.........
########## #######
#.........
.........###[....#
#.........
....###....###...#
#.......
##....###....###@###.....
###....###....#Y#.....#
###....###...§#...<.#
###....###..#.....#
###....####.....# _
###....##.....###+##....
###...........<...?...
###.................
###...................


You could see an ice beast.

Vanquished Creatures
  Pikel (D:6)
  The ghost of kroki the Chopper, a novice DsWn of Hepliaklqana (D:7)
  The ghost of Kias the Jinx, a novice SpEn of Dithmenos (D:6)
  A slime creature (D:8)
  3 slaves
  An ice beast (D:5)
  2 sky beasts (D:7)
  2 phantoms
  5 centaurs
  Blork the orc (D:4)
  4 bullfrogs
  2 scorpions
  A howler monkey (D:6)
  6 crimson imps
  4 hounds
  A jelly (D:6)
  An orc priest (D:5)
  2 bullfrog skeletons
  A centaur skeleton (D:5)
  An iguana (D:6)
  An orc wizard (D:6)
  7 worker ants
  3 hound zombies
  4 gnolls (D:4)
  A howler monkey skeleton (D:4)
  7 adders
  An ooze (D:2)
  An adder skeleton (D:5)
  2 dart slugs (D:2)
  5 worms
  4 leopard geckos
  12 orcs
  3 giant cockroaches
  16 goblins
  7 hobgoblins
  7 jackals
  A quokka (D:3)
  A ball python (D:3)
  A ball python skeleton (D:4)
  10 bats
  2 frilled lizards
  A jackal zombie (D:4)
  8 kobolds
  A quokka skeleton (D:5)
  14 rats
161 creatures vanquished.

Vanquished Creatures (others)
  A bullfrog (D:6)
1 creature vanquished.

Grand Total: 162 creatures vanquished

Notes
Turn   | Place    | Note
-------+----------+-------------------------------------------
     0 | D:1      | Murumi the Gargoyle Fighter began the quest for the Orb.
     0 | D:1      | Reached XP level 1. HP: 14/14 MP: 1/1
     7 | D:1      | Noticed a felid
     7 | D:1      | Noticed a ghoul
     9 | D:1      | Noticed a merfolk
     9 | D:1      | Noticed a vampire
    12 | D:1      | Noticed a demonspawn
    12 | D:1      | Noticed a troll
    14 | D:1      | Noticed a gargoyle
    14 | D:1      | Noticed a formicid
    16 | D:1      | Noticed a human
    16 | D:1      | Noticed a minotaur
    18 | D:1      | Noticed a halfling
    20 | D:1      | Noticed a dwarf
    20 | D:1      | Noticed an elf
    22 | D:1      | Noticed a vine stalker
    22 | D:1      | Noticed a naga
    24 | D:1      | Noticed a centaur
    24 | D:1      | Noticed an octopode
    26 | D:1      | Noticed a demigod
    26 | D:1      | Noticed a draconian
    30 | D:1      | Noticed a spriggan
    32 | D:1      | Noticed an ogre
    32 | D:1      | Noticed a tengu
    42 | D:1      | Found a shimmering altar of Xom.
   263 | D:1      | Reached skill level 1 in Throwing
   432 | D:1      | Reached XP level 2. HP: 18/19 MP: 2/2
   679 | D:1      | Reached skill level 1 in Dodging
   881 | D:2      | Reached XP level 3. HP: 21/23 MP: 3/3
   921 | D:2      | You fall through a shaft for 2 floors!
   921 | D:4      | Found Losaiz Dupn's Gadget Emporium.
  1186 | D:2      | Reached XP level 4. HP: 28/28 MP: 4/4
  1686 | D:2      | Reached skill level 1 in Evocations
  2033 | D:3      | Reached XP level 5. HP: 30/32 MP: 5/5
  2607 | D:4      | Found a runed door.
  2607 | D:4      | Noticed a human
  2620 | D:4      | Found a basalt altar of Yredelemnul.
  2877 | D:4      | Noticed Blork the orc
  2909 | D:4      | Killed Blork the orc
  2909 | D:4      | Reached XP level 6. HP: 4/38 MP: 6/6
  2915 | D:4      | Found a deep blue altar of Sif Muna.
  3358 | D:4      | Reached skill level 5 in Shields
  3786 | D:5      | Entered Level 5 of the Dungeon
  3861 | D:5      | Reached XP level 7. HP: 44/44 MP: 7/7
  3889 | D:5      | Reached skill level 5 in Fighting
  3998 | D:5      | Reached skill level 5 in Armour
  4111 | D:5      | Found a shimmering altar of Xom.
  4111 | D:5      | Found an opulent altar of Gozag.
  4119 | D:5      | Found an ornate altar of the Wu Jian Council.
  4642 | D:5      | Reached XP level 8. HP: 45/49 MP: 10/10
  4759 | D:6      | Noticed Kias's ghost (novice SpEn)
  4811 | D:6      | Noticed Pikel
  5158 | D:6      | Killed Kias's ghost
  5247 | D:6      | Found a stormy altar of Qazlal.
  5270 | D:6      | Killed Pikel
  5270 | D:6      | Reached XP level 9. HP: 55/57 MP: 11/11
  5371 | D:6      | Found a staircase to the Ecumenical Temple.
  5380 | Temple   | Entered the Ecumenical Temple
  5603 | Temple   | Became a worshipper of Elyvilon the Healer
  5692 | D:6      | Found a shadowy altar of Dithmenos.
  5791 | D:6      | Reached skill level 1 in Invocations
  6088 | D:6      | Found a bloodstained altar of Trog.
  6149 | D:6      | Found a snail-covered altar of Cheibriados.
  6218 | D:7      | Noticed kroki's ghost (novice DsWn)
  6520 | D:7      | Reached * piety under Elyvilon
  6564 | D:7      | Killed kroki's ghost
  6564 | D:7      | Reached skill level 5 in Invocations
  7032 | D:7      | Found Echome Temip's Antique Armour Emporium.
  7052 | D:7      | Bought a cloak for 99 gold pieces
  7193 | D:8      | Found an ancient bone altar of Kikubaaqudgha.
  7228 | D:7      | Reached XP level 10. HP: 63/63 MP: 13/13
  7278 | D:8      | Noticed a deep elf mage
  7314 | D:8      | Elyvilon protects you from harm!
  7318 | D:8      | Elyvilon protects you from harm!
  7320 | D:8      | Mangled by an ice beast

Vault maps used:
D:1:      kb_arrival_jail, minivault_25, corner_web_ring, xom_teletrap_fun
D:2:      minmay_diamond_boxcup
D:4:      tgw_sif, first_bread, serial_shops, shop, dk_yredelemnul_ordeal
D:5:      gammafunk_temple_overflow_claw
D:6:      slow_altar_2, lemuel_coloured_pillars_altar, grunt_dithmenos_shadows,
          kennysheep_little_box, minmay_temple_entry_crystal_x, uniq_pikel
D:7:      serial_shops, kennysheep_mini_moat
D:8:      minmay_tri_box, vehumet_statue, tso_altar,
          chequers_temple_overflow_statue_of_worship, serial_shops, shop,
          grunt_livestock
Temple:   jpeg_temple_island

Skill      XL: |  1  2  3  4  5  6  7  8  9 10 |
---------------+-------------------------------+-----
Throwing       | 1 2 |  2.3
Dodging        | 1 2 |  2.1
Maces & Flails | 3 4 6 7 |  7.1
Evocations     | 1 3 |  3.1
Fighting       | 4 5 7 |  7.2
Armour         | 4 5 6 7 |  7.1
Shields        | 4 5 6 |  6.4
Invocations    | 5 |  5.1

Action                   |  1- 3 |  4- 6 |  7- 9 | 10-12 || total
-------------------------+-------+-------+-------+-------++-------
Melee: Flail             |   106 |   276 |    82 |       ||   464
       Morningstar       |       |       |   260 |    38 ||   298
Throw: Stone             |    46 |   172 |   104 |       ||   322
       Tomahawk          |       |       |    16 |       ||    16
       Javelin           |       |       |     3 |       ||     3
 Abil: Evoke Flight      |       |     2 |       |       ||     2
  Use: Scroll            |     3 |     4 |     3 |       ||    10
       Potion            |       |       |     2 |     1 ||     3
  Eat: Chunk             |     1 |     9 |    10 |       ||    20
       Fruit             |       |       |     1 |       ||     1
Armor: Scale mail        |    62 |    48 |       |       ||   110
       Chain mail        |       |    80 |   197 |    23 ||   300
Dodge: Dodged            |    77 |   127 |   133 |    20 ||   357
Block: Buckler           |       |    17 |    70 |     6 ||    93
